 Dungeon Crawl Stone Soup version 0.23-a0-767-gdc19b93d68 (webtiles) character file.

1367 Oravi the Vandal (level 8, -5/60 HPs)
             Began as a Formicid Arcane Marksman on Jan 26, 2019.
             Was a Follower of Okawaru.
             Slain by a two-headed ogre
             ... wielding a +0 giant club
              (31 damage)
             ... on level 5 of the Dungeon.
             The game lasted 00:46:02 (6480 turns).

Oravi the Vandal (Formicid Arcane Marksman)         Turns: 6480, Time: 00:46:03

Health: -5/60      AC:  6    Str: 14    XL:     8   Next: 97%
Magic:  5/13       EV:  9    Int: 16    God:    Okawaru [*.....]
Gold:   278        SH: 12    Dex: 11    Spells: 8/14 levels left

rFire    + + .     SeeInvis +   a - +1 hunting sling
rCold    . . .     Gourm    .   L - +1 shield of Focus {rF+ Stlth+}
rNeg     . . .     Faith    .   K - +0 ring mail
rPois    .         Spirit   .   (helmet unavailable)
rElec    .         Reflect  +   (no cloak)
rCorr    .         Harm     .   (no gloves)
MR       .....                  G - +0 pair of boots
Stlth    ++........             s - +2 amulet of reflection
HPRegen  0.20/turn              M - ring of protection from fire
MPRegen  0.13/turn              (no ring)

@: very slightly contaminated
A: permanent stasis, dig shafts and tunnels, four strong arms, antennae 3
a: Dig, Shaft Self, Heroism, Renounce Religion


You were on level 5 of the Dungeon.
You worshipped Okawaru.
Okawaru was aware of your devotion.
You were not hungry.

You visited 1 branch of the dungeon, and saw 5 of its levels.

You collected 278 gold pieces.

Inventory:

Hand Weapons
 a - a +1 hunting sling (weapon)
 A - a +2 antimagic dagger
 B - a +1 dagger of protection
 C - a +1 whip of draining
 F - a +2 dagger of venom
Missiles
 d - 39 sling bullets
 h - 39 stones (quivered)
 v - 33 arrows
 x - a throwing net {!f}
 E - a tomahawk of dispersal
 H - 33 poisoned needles
Armour
 m - a +0 buckler
 D - a +0 ring mail
 G - a +0 pair of boots (worn)
 K - a +0 ring mail (worn)
 L - the +1 shield of Focus (worn) {rF+ Stlth+}
   (You found it on level 5 of the Dungeon)

   It protects you from fire.
   It makes you more stealthy.
Magical Staves
 I - an uncursed staff of conjuration
Jewellery
 s - a +2 amulet of reflection (around neck)
 M - a ring of protection from fire (left hand)
Wands
 b - a wand of enslavement (2)
 e - a wand of acid (11)
 w - a wand of polymorph (22)
 z - a wand of random effects (20)
 N - a wand of clouds (6)
Scrolls
 j - a scroll of fog
 l - a scroll of enchant armour {unknown}
 o - 2 scrolls of enchant weapon
 p - 4 scrolls of teleportation {unknown}
 q - 2 scrolls of blinking {unknown}
 r - a scroll of immolation {unknown}
 y - 3 scrolls of remove curse {@r2}
Potions
 c - a potion of flight
 g - 4 potions of haste {unknown}
 i - 2 potions of might {unknown}
 k - 2 potions of resistance
 n - a potion of agility {unknown}
 t - a potion of cancellation {unknown}
 u - a potion of berserk rage {unknown}
Miscellaneous
 J - a phantom mirror
Comestibles
 f - 6 rations
 O - 7 chunks of flesh


   Skills:
 + Level 3.8 Fighting
 + Level 7.5 Slings
 - Level 1.7 Dodging
 * Level 4.1 Shields
 - Level 3.8 Spellcasting
 + Level 6.7 Hexes


You had 8 spell levels left.
You knew the following spells:

 Your Spells              Type           Power        Failure   Level  Hunger
a - Corona                Hex            ###....      6%          1    None
b - Slow                  Hex            ###.....     10%         2    ##.....
c - Confuse               Hex            ###.....     19%         3    ###....

Your spell library contained the following spells:

 Spells                   Type           Power        Failure   Level  Hunger
 Confusing Touch          Hex            ###...       6%          1    None
 Cause Fear               Hex            ###.......   54%         4    ####...
 Inner Flame              Hex/Fire       ##......     61%         3    ###....
 Portal Projectile        Hex/Tloc       ##....       61%         3    ###....
 Animate Skeleton         Necr           N/A          71%         1    None
 Apportation              Tloc           #.....       71%         1    None
 Summon Small Mammal      Summ           #...         71%         1    None
 Leda's Liquefaction      Hex/Erth       ##........   95%         4    ####...
 Gell's Gravitas          Tloc           #.........   97%         3    ###....
 Petrify                  Tmut/Erth      #.......     100%        4    ####...
 Metabolic Englaciation   Hex/Ice        ##........   100%        5    ######.
 Yara's Violent Unravell  Hex/Tmut       ##........   100%        5    ######.


Dungeon Overview and Level Annotations

Branches:
Dungeon (5/15)             Temple (0/1) D:5

Altars:
Gozag
Kikubaaqudgha
Okawaru
Ru
Uskayaw
Vehumet

Shops:
D:4 [

Annotations:
D:4 , 1 runed door
D:5 4 runed doors


Innate Abilities, Weirdness & Mutations

You cannot be hasted, slowed, berserked, paralysed or teleported.
You can dig through walls and to a lower floor.
Your four strong arms can wield two-handed weapons with a shield.
You have a pair of large antennae on your head. (SInv)


Message History

Aiming: Confuse (safe; 19% risk of failure)
Aim: a two-headed ogre, wielding a +0 giant club and a +0 giant spiked club (chance to defeat MR: 36%)
The two-headed ogre easily resists.
Casting: Confuse (safe; 19% risk of failure)
Aiming: Confuse (safe; 19% risk of failure)
Aim: a two-headed ogre, wielding a +0 giant club and a +0 giant spiked club (chance to defeat MR: 36%)
The two-headed ogre easily resists.
Casting: Confuse (safe; 19% risk of failure)
You don't have enough magic to cast that spell.
Unknown command.
The two-headed ogre is too close now for your liking.
Things that are here:
a +0 short sword; a +0 ring mail; a +0 club
Items here: )) [[ a +0 leather armour; a cursed -2 mace; a cursed +0 robe; a +0 dagger The two-headed ogre hits you with a +0 giant club!
* * * LOW HITPOINT WARNING * * *
The two-headed ogre hits you with a +0 giant spiked club!!
Ouch! That really hurt!
You die...

....#.# #.......####........###.
....#.# #..........#.#.#.#### #.
....#.####......##.##.#.#.# #.
......................#.# # #.
#..##.#####.####..P.###.# #.
##.##.#####.# #."....# #.
#..#.......# #....#.# #.
##.#.......# #.O..#.# #.
###.........# #@#.##.# ##.
............####.#.##.#########..
.................#.##...[)......#
.................#.############.#
...........#.....#.# ##.....O..#
...........#.....#.# #[)##++##.'
###..>####.......#.####.##8.O8###
###.# #...)........#(#8....8
#####.# #....>.......#)#O....(


You could see a two-headed ogre.

Vanquished Creatures
  A sky beast (D:2)
  A phantom (D:4)
  3 ogres
  A centaur (D:5)
  A howler monkey (D:4)
  A crimson imp (D:5)
  2 centaur zombies (D:5)
  An orc priest (D:5)
  2 centaur skeletons (D:5)
  2 hounds (D:4)
  2 bullfrog skeletons (D:5)
  A jelly (D:5)
  An orc wizard (D:5)
  Ijyb (D:5)
  3 worker ants
  A worker ant zombie (D:5)
  Robin (D:3)
  7 gnolls
  10 adders
  2 oozes (D:1)
  3 worms
  An adder zombie (D:5)
  2 dart slugs (D:4)
  5 leopard geckos
  21 orcs
  8 bats
  7 giant cockroaches
  14 goblins
  12 hobgoblins
  3 jackals
  5 quokkas
  2 ball pythons
  A ball python skeleton (D:4)
  3 frilled lizards
  A giant cockroach zombie (D:5)
  A jackal zombie (D:5)
  9 kobolds
  2 leopard gecko zombies (D:5)
  2 quokka zombies (D:5)
  17 rats (D:1)
163 creatures vanquished.

Notes
Turn   | Place    | Note
-------+----------+-------------------------------------------
     0 | D:1      | Oravi the Formicid Arcane Marksman began the quest for the
                  | Orb.
     0 | D:1      | Reached XP level 1. HP: 15/15 MP: 2/2
    84 | D:1      | Reached XP level 2. HP: 21/21 MP: 3/3
   191 | D:1      | Learned a level 2 spell: Slow
   241 | D:1      | Reached skill level 3 in Slings
   241 | D:1      | Reached XP level 3. HP: 26/26 MP: 2/5
  1084 | D:2      | Reached XP level 4. HP: 32/32 MP: 4/6
  1107 | D:2      | Reached skill level 1 in Shields
  1312 | D:2      | Learned a level 3 spell: Confuse
  1569 | D:2      | Noticed a sky beast
  1605 | D:2      | Killed a sky beast
  1605 | D:2      | Reached skill level 4 in Slings
  1605 | D:2      | Reached XP level 5. HP: 37/37 MP: 1/8
  1908 | D:3      | Noticed Robin
  1981 | D:3      | Reached XP level 6. HP: 43/43 MP: 9/9
  2087 | D:3      | Killed Robin
  2180 | D:3      | Found an opulent altar of Gozag.
  2920 | D:3      | Found a radiant altar of Vehumet.
  3256 | D:4      | Reached skill level 5 in Slings
  3259 | D:4      | Noticed a phantom
  3442 | D:4      | Noticed an ogre
  3469 | D:4      | Killed an ogre
  3469 | D:4      | Reached skill level 5 in Hexes
  3469 | D:4      | Reached XP level 7. HP: 26/48 MP: 5/12
  3753 | D:4      | Found a transporter.
  3771 | D:4      | Found a transporter.
  3781 | D:4      | Found an iron altar of Okawaru.
  3857 | D:4      | Found an ancient bone altar of Kikubaaqudgha.
  3909 | D:4      | Reached skill level 6 in Slings
  4052 | D:4      | Found Buwnits's Antique Armour Shop.
  4309 | D:4      | Found a runed door.
  4433 | D:4      | Became a worshipper of Warmaster Okawaru
  4482 | D:5      | Entered Level 5 of the Dungeon
  4546 | D:5      | Reached XP level 8. HP: 49/56 MP: 11/13
  4979 | D:5      | Found a sacrificial altar of Ru.
  5053 | D:5      | Found a staircase to the Ecumenical Temple.
  5054 | D:5      | Noticed Ijyb
  5128 | D:5      | Killed Ijyb
  5213 | D:5      | Reached skill level 7 in Slings
  5226 | D:5      | Got a heavily runed shield
  5237 | D:5      | Identified the +1 shield of Focus {rF+ Stlth+} (You found
                  | it on level 5 of the Dungeon)
  5341 | D:5      | Found a large runed door.
  5341 | D:5      | Found a large runed door.
  5387 | D:5      | Noticed a +0 hand axe
  5669 | D:5      | Reached * piety under Okawaru
  5803 | D:5      | Found a hide-covered altar of Uskayaw.
  5806 | D:5      | Noticed a +0 dagger
  5916 | D:5      | Found a large runed door.
  5916 | D:5      | Found a large runed door.
  6448 | D:5      | Noticed a two-headed ogre
  6480 | D:5      | Slain by a two-headed ogre

Vault maps used:
D:1:      erik_arrival_orb_chamber, st_stairs_1, serial_bayou_ford_a,
          chequers_serial_rivers_micro_b
D:2:      minmay_door_path
D:3:      lemuel_round_altar, grunt_gozag_breadcrumbs, first_ration,
          minmay_distorted, uniq_robin
D:4:      kennysheep_little_box, gammafunk_temple_overflow_arena, serial_shops,
          shop_statue, uniq_crazy_yiuf_cottage
D:5:      nicolae_ru_sacrificial_ziggurat, dancing_weapons_uskayaw,
          minmay_temple_entry_offerings, serial_undead, serial_undead_b,
          serial_undead_a, serial_undead_b, serial_undead_a, serial_undead_c,
          minmay_hollow_rounded_squares, uniq_ijyb

Skill      XL: |  1  2  3  4  5  6  7  8 |
---------------+-------------------------+-----
Slings         | 3 4 5 6 7 |  7.5
Hexes          | 4 5 6 |  6.7
Shields        | 2 4 |  4.1
Spellcasting   | 2 3 |  3.8
Fighting       | 2 3 |  3.8
Dodging        | |  1.7

Action                   |  1- 3 |  4- 6 |  7- 9 || total
-------------------------+-------+-------+-------++-------
 Fire: Hunting sling     |    93 |   216 |   339 ||   648
 Cast: Corona            |    33 |    52 |    50 ||   135
       Slow              |       |     7 |    12 ||    19
       Confuse           |       |     5 |    12 ||    17
Invok: Heroism           |       |       |     2 ||     2
  Use: Scroll            |       |     5 |     1 ||     6
  Eat: Chunk             |     1 |     9 |     4 ||    14
       Ration            |       |       |     2 ||     2
Armor: Robe              |    10 |       |       ||    10
       Leather armour    |       |    12 |       ||    12
       Ring mail         |       |    12 |    47 ||    59
Dodge: Dodged            |    29 |    59 |    62 ||   150
Block: Buckler           |     5 |    20 |    26 ||    51
       Reflection        |       |     3 |     2 ||     5
       Shield            |       |       |    34 ||    34

Table legend:
 A = Non-vault XP
 B = Vault XP
 C = Vault XP percentage of total XP
 D = Non-vault monster count
 E = Vault monster count
 F = Vault count percentage of total count
                 A         B        C        D         E       F
            +---------+---------+-------+---------+---------+-------
      Total |    1264 |     689 |  35.3 |     110 |      53 |  32.5
            +---------+---------+-------+---------+---------+-------
        D:1 |      42 |      23 |  35.4 |      23 |      15 |  39.5
        D:2 |     180 |      17 |   8.6 |      18 |       3 |  14.3
        D:3 |      83 |      37 |  30.8 |      25 |      12 |  32.4
        D:4 |     551 |      19 |   3.3 |      23 |       4 |  14.8
        D:5 |     408 |     593 |  59.2 |      21 |      19 |  47.5
            +---------+---------+-------+---------+---------+-------
